 Dungeon Crawl Stone Soup version 0.30.1-10-g1249ef9ec4 (webtiles) character file.

Game seed: 11102394869546449721

2461 L3ott the Cleaver (level 9, 0/81 HPs)
             Began as a Minotaur Berserker on Oct 26, 2023.
             Was a Priest of Trog.
             Slain by an orc priest
             ... wielding a +4 whip
              (2 damage)
             ... on level 7 of the Dungeon.
             The game lasted 00:44:35 (6371 turns).

L3ott the Cleaver (Minotaur Berserker)              Turns: 6371, Time: 00:44:36

Health: 0/81       AC:  8    Str: 25    XL:     9   Next: 26%
Magic:  8/8        EV: 11    Int:  4    God:    Trog [***...]
Gold:   131        SH:  0    Dex: 11    Spells: 8/8 levels left

rFire   . . .        K - +6 battleaxe
rCold   . . .        (shield currently unavailable)
rNeg    + . .        p - +0 scale mail
rPois   .            (helmet restricted)
rElec   .            q - scarf {shadows}
rCorr   .            (no gloves)
SInv    .            (no boots)
Will    ++...        (no amulet) Stlth
                     O - ring of flight
HPRegen 1.33/turn    s - ring of positive energy
MPRegen 0.11/turn

%: no passive effects
@: lethally poisoned (0 -> -1), about to teleport, strong-willed, on berserk
cooldown, flying, regenerating, slowed, very slow
A: horns 2, retaliatory headbutt
a: Renounce Religion, Berserk, Trog's Hand


You were on level 7 of the Dungeon.
You worshipped Trog.
Trog was most pleased with you.
You visited 2 branches of the dungeon, and saw 8 of its levels.

You collected 341 gold pieces.
You spent 210 gold pieces at shops.

Inventory:

Hand Weapons
 d - a +1 dagger of protection
 f - a +1 heavy mace
 g - a +2 sling of draining
 t - a +3 vampiric short sword
 y - a +2 antimagic whip
 B - a +2 antimagic war axe
 C - a +1 antimagic dagger
 F - a +0 shortbow
 J - a +4 mace of freezing
 K - a +6 battleaxe (weapon)
 L - a +6 heavy flail
 Q - a +0 giant club
Missiles
 h - 87 stones
 w - 4 boomerangs (quivered)
Armour
 b - a +0 animal skin
 c - a +0 leather armour
 k - a +0 helmet
 p - a +0 scale mail (worn)
 q - a scarf of shadows (worn)
 r - a +0 leather armour
 u - a +0 chain mail
 x - a +0 barding
 M - a +0 ring mail
Magical Staves
 z - a staff of earth
Jewellery
 s - a ring of positive energy (right hand)
 O - a ring of flight (left hand)
 P - a +6 ring of dexterity
Scrolls
 i - 3 scrolls of teleportation
 j - 3 scrolls of fear
 l - a scroll of enchant weapon
 m - 4 scrolls of identify
 o - a scroll of poison {unknown}
 v - 2 scrolls of amnesia
 D - a scroll of blinking {unknown}
 G - a scroll of acquirement {unknown}
 H - a scroll of enchant armour
 N - a scroll of noise {unknown}
Potions
 a - 2 potions of might {unknown}
 e - 2 potions of degeneration
 n - 2 potions of magic
 A - a potion of berserk rage {unknown}
 E - a potion of brilliance {unknown}
 I - 2 potions of curing


   Skills:
 + Level 8.1 Fighting
 + Level 3.6 Short Blades
 + Level 9.4 Axes
 + Level 0.4 Throwing
 + Level 8.1 Armour
 + Level 4.3 Dodging
 + Level 0.2 Stealth


You had 8 spell levels left.
You didn't know any spells.
Your spell library was empty.

Dungeon Overview and Level Annotations

Branches:
Dungeon (7/15)             Temple (1/1) D:5

Altars:
Dithmenos
Elyvilon
Hepliaklqana
Kikubaaqudgha
Makhleb
Okawaru
Trog
Vehumet
Wu Jian
Xom
Yredelemnul
The Shining One

Shops:
D:4 *(   D:6 (=(


Innate Abilities, Weirdness & Mutations

You have a pair of horns on your head.
You reflexively headbutt those who attack you in melee.


Message History

A white imp comes into view.
The orc priest hits you with a +4 whip. The orc barely misses you.
You hear some strange, mumbled words.
A puff of flame appears from out of thin air!
The puff of flame hits you.
* * * LOW HITPOINT WARNING * * *
The orc warrior hits you with a +0 halberd!
* * * LOW HITPOINT WARNING * * *
You are too injured to fight recklessly!
Your skin crawls.
You feel strong-willed.
You feel very sick. The centaur barely misses you. You furiously retaliate!
You headbutt the centaur.
The centaur kicks you but does no damage.
The centaur hits you but does no damage.
The centaur kicks you but does no damage.
The orc hits you with a +0 war axe.
* * * LOW HITPOINT WARNING * * *
The orc misses you.
The orc priest casts a cantrip, but nothing happens.
The orc throws a stone.
The stone hits you but does no damage. The orc warrior barely misses you.
Something hits you but does no damage.
As you read the scroll of teleportation, it crumbles to dust.
You feel strangely unstable.
You feel very sick. The centaur barely misses you. You furiously retaliate!
You headbutt the centaur.
The centaur kicks you but does no damage.
The orc closely misses you.
The centaur hits you but does no damage.
The centaur barely misses you. The orc hits you with a +0 flail.
* * * LOW HITPOINT WARNING * * *
The orc misses you. The orc warrior barely misses you.
The orc priest completely misses you. Something hits you.
* * * LOW HITPOINT WARNING * * *
The orc throws a stone.
The stone hits you but does no damage. The orc hits you but does no damage.
The orc barely misses you. The orc priest hits you with a +4 whip.
You die...

#.............
#.............
#...o.......... #.
#...........#.#
#.#...>..##.#..##.....
.#...o.{.##..#..##.....
....oo@o.))......#.....
.....coo......#........
...5....))†...###......
......<........#.......
..................#....
..........#.......#....
..........#>..........#
................#...
...##..........##..


You could see an orc warrior, a centaur, an orc priest, a white imp and 5 orcs.

Vanquished Creatures
  The ghost of wer000g the Ruffian, an amateur TrBr (D:4)
  Edmund (D:6)
  A sky beast (D:7)
  A black bear (D:4)
  An ogre (D:7)
  A centaur (D:5)
  A phantom (D:6)
  A bullfrog (D:6)
  3 scorpions
  3 wights (D:6)
  4 killer bees (D:6)
  2 howler monkeys
  3 hounds
  A jelly (D:6)
  6 orc priests
  3 iguanas
  2 sleepcaps (D:5)
  8 orc wizards
  A scorpion zombie (D:4)
  A hound zombie (D:4)
  14 gnolls
  13 adders
  2 ufetubi
  A worm (D:2)
  3 dart slugs (D:2)
  20 orcs
  10 ball pythons
  4 endoplasms
  5 giant cockroaches
  6 goblins
  5 hobgoblins
  6 jackals (D:3)
  9 kobolds
  2 quokkas
  4 bats
  7 rats
156 creatures vanquished.

Notes
Turn   | Place    | Note
-------+----------+-------------------------------------------
     0 | D:1      | L3ott the Minotaur Berserker began the quest for the Orb.
     0 | D:1      | Reached XP level 1. HP: 19/19 MP: 0/0
   222 | D:1      | Reached skill level 4 in Axes
   242 | D:1      | Reached XP level 2. HP: 9/27 MP: 1/1
   715 | D:2      | Reached XP level 3. HP: 33/33 MP: 2/2
   789 | D:2      | Reached XP level 4. HP: 35/41 MP: 3/3
   834 | D:2      | Reached skill level 5 in Axes
  1064 | D:2      | Reached ** piety under Trog
  1149 | D:2      | Reached XP level 5. HP: 47/47 MP: 4/4
  1871 | D:3      | Reached skill level 5 in Fighting
  1880 | D:3      | Reached skill level 1 in Short Blades
  1880 | D:3      | Reached XP level 6. HP: 37/56 MP: 5/5
  2114 | D:3      | Found a glowing golden altar of the Shining One.
  2255 | D:3      | Found a bloodstained altar of Trog.
  2372 | D:4      | Found an ornate altar of the Wu Jian Council.
  2403 | D:4      | Found Asenus's Weapon Boutique.
  2693 | D:4      | Found Qausieg's Elemental Accessories.
  2800 | D:4      | Found a white marble altar of Elyvilon.
  3017 | D:4      | Found a runed translucent gate.
  3017 | D:4      | Found a runed translucent gate.
  3017 | D:4      | Noticed wer000g's ghost (amateur TrBr)
  3019 | D:4      | Found a runed translucent gate.
  3020 | D:4      | Found a basalt altar of Yredelemnul.
  3066 | D:4      | Killed wer000g's ghost
  3067 | D:4      | Reached skill level 6 in Axes
  3067 | D:4      | Reached skill level 5 in Armour
  3067 | D:4      | Reached XP level 7. HP: 41/62 MP: 2/6
  3633 | D:5      | Entered Level 5 of the Dungeon
  3821 | D:5      | Reached *** piety under Trog
  3849 | D:5      | Reached XP level 8. HP: 54/70 MP: 2/7
  3938 | D:5      | Reached skill level 7 in Axes
  4525 | D:5      | Found a staircase to the Ecumenical Temple.
  4535 | Temple   | Entered the Ecumenical Temple
  4770 | D:6      | Found Daighi Qout's Weapon Boutique.
  4770 | D:6      | Found Betz's Jewellery Boutique.
  4770 | D:6      | Found Xubun's Weapon Boutique.
  5066 | D:6      | Found a sand-covered staircase.
  5386 | D:6      | Reached skill level 8 in Axes
  5591 | D:6      | Noticed Edmund
  5599 | D:6      | Killed Edmund
  5785 | D:6      | Found a shadowy altar of Dithmenos.
  5848 | D:6      | Reached XP level 9. HP: 78/80 MP: 8/8
  5881 | D:6      | Bought a ring of flight for 210 gold pieces
  6192 | D:7      | Reached skill level 9 in Axes
  6366 | D:7      | Reached **** piety under Trog
  6371 | D:7      | HP: 4/81 [poisoned by an orc wizard]
  6371 | D:7      | Slain by an orc priest

Illustrated notes

Levels and vault maps discovered:
D:1:      dpeg_arrival_ternary, layout_rooms
D:2:      layout_basic
D:3:      layout_loops_cross, trog_antimagical, tso_oasis_becter,
          serial_bayou_ford_a
D:4:      layout_loops_corners, nicolae_yredelemnul_ghost_church,
          nicolae_elyvilon_peaceful_grove, nzn_wu_jian_contemplation,
          serial_shops, shop, minivault_25, nicolae_elemental_shop
D:5:      layout_gridville, minmay_temple_entry_proselytizer,
          gup_sewer_entry_bubbles, eino_tiny_chamber,
          minmay_misc_feat_nine_boxes
D:6:      layout_basic, mainiacjoe_overflow_brackets,
          lightli_ossuary_entry_decrepit_ruins, st_stairs_7,
          nicolae_shop_distant_corner_stores, uniq_edmund
D:7:      layout_cave_pools, minmay_misc_feat_doors, uniq_pikel
Temple:   hellmonk_temple_rainy

Skill      XL: |  1  2  3  4  5  6  7  8  9 |
---------------+----------------------------+-----
Axes           | 4 5 6 8 9 |  9.4
Fighting       | 4 5 6 7 8 |  8.1
Armour         | 3 4 5 6 7 8 |  8.1
Short Blades   | 1 3 |  3.6
Dodging        | 3 4 |  4.3
Throwing       | |  0.4
Stealth        | |  0.2

Action                     |  1- 3 |  4- 6 |  7- 9 || total
---------------------------+-------+-------+-------++-------
  Melee: Hand axe          |    35 |    40 |       ||    75
         Headbutt          |     3 |    25 |    19 ||    47
         Short sword       |       |    86 |       ||    86
         War axe           |       |    32 |   104 ||   136
         Punch             |       |     1 |     1 ||     2
         Battleaxe         |       |       |    44 ||    44
   Fire: Sling             |     2 |       |       ||     2
  Throw: Stone             |     1 |       |       ||     1
         Boomerang         |       |       |     4 ||     4
 Invoke: Berserk           |     1 |     4 |     4 ||     9
         Trog's Hand       |       |     3 |     2 ||     5
    Use: Potion            |       |     4 |     2 ||     6
         Scroll            |       |       |     7 ||     7
 Armour: Leather armour    |     4 |       |       ||     4
         Scale mail        |     6 |    57 |   102 ||   165
  Dodge: Dodged            |    14 |    96 |   116 ||   226
